 Dungeon Crawl Stone Soup version 0.16.2-12-gd0ad4c3 (webtiles) character file.

10879 4thArraOfDagon the Severer (level 11, 88/88 HPs)
             Began as a Minotaur Berserker on Aug 6, 2016.
             Was an Elder of Trog.
             Quit the game in a labyrinth.
             The game lasted 00:20:12 (3380 turns).

4thArraOfDagon the Severer (Minotaur Berserker)     Turns: 3380, Time: 00:20:12

Health: 88/88      AC: 13    Str: 24    XL:     11   Next: 42%
Magic:  18/18      EV:  9    Int:  5    God:    Trog [****..]
Gold:   407        SH:  0    Dex: 10    Spells: 0 memorised, 10 levels left

rFire  . . .     SeeInvis .     p - +1 battleaxe
rCold  . . .     Clarity  .     e - +1 chain mail
rNeg   . . .     SustAb   .     (no shield)
rPois  .         Gourm    .     (helmet restricted)
rElec  .         Spirit   .     (no cloak)
rCorr  .         Warding  .     (no gloves)
rMut   .         Stasis   .     (no boots)
MR     .....                    (no amulet)
Stlth  ..........               (no ring)
                                g - ring of magical power

@: not resistant to hostile enchantments, extremely unstealthy
A: retaliatory headbutt, horns 2
a: Burn Spellbooks, Berserk, Trog's Hand, Brothers in Arms, Renounce Religion


You were in a labyrinth.
You worshipped Trog.
Trog was greatly pleased with you.
You were not hungry.

You visited 2 branches of the dungeon, and saw 14 of its levels.
You also visited: Labyrinth, Sewer and Ice Cave.

You collected 407 gold pieces.

Inventory:

Hand weapons
 a - a +0 hand axe
 i - a +3 scythe
 p - a +1 battleaxe (weapon)
Missiles
 D - 5 poisoned javelins (quivered)
 M - a throwing net
Armour
 b - a +0 animal skin
 e - a +1 chain mail (worn)
 l - a +1 shield of cold resistance
Jewellery
 g - a ring of magical power (left hand)
Magical devices
 h - a wand of polymorph (11)
 u - a wand of fireball (0)
 w - a wand of confusion (43)
 z - a wand of frost (24)
Scrolls
 j - 3 scrolls of random uselessness
 m - 2 scrolls of recharging
 s - 2 scrolls of remove curse
 x - a scroll of fear
 y - a scroll of enchant weapon
 K - a scroll of fog
Potions
 d - a potion of might {unknown}
 f - 3 potions of poison
 k - a potion of agility {unknown}
 o - 2 potions of restore abilities
 q - 2 potions of degeneration
 r - a potion of invisibility
 t - a potion of flight
 v - a potion of heal wounds
 A - 2 potions of haste
 E - a potion of curing
 H - 2 potions of resistance
 I - a potion of berserk rage
Books
 F - a book of Party Tricks

   Spells                             Type                      Level
   a - Summon Butterflies             Summoning                    1
   b - Apportation                    Translocation                1
   c - Tukima's Dance                 Hexes                        3
   d - Alistair's Intoxication        Transmutation/Poison         4
   e - Invisibility                   Hexes                        6
   Trog disapproves of the use of such an item.
Miscellaneous
 C - a plain deck of summoning
Comestibles
 c - 5 bread rations
 n - 4 meat rations


   Skills:
 - Level 5.2 Fighting
 * Level 16.4 Axes
 + Level 11.9 Armour
 - Level 2.1 Dodging
 - Level 3.0 Evocations


You had 10 spell levels left.
You didn't know any spells.

Dungeon Overview and Level Annotations

Branches:
Dungeon (9/15)             Temple (0/1) D:4            Lair (5/8) D:9
  Swamp: Lair:3-6    Shoals: Lair:3-6     Snake: Lair:3-6    Spider: Lair:3-6
    Orc: D:9-12

Altars:
Ashenzari
Dithmenos
Gozag
Nemelex Xobeh
Okawaru
Yredelemnul

Shops:
D:7 (:

Annotations:
Lair:3 exclusion: oklob plant


Innate Abilities, Weirdness & Mutations

You reflexively headbutt those who attack you in melee.
You have a pair of horns on your head.


Message History

You see here a mace.
You are feeling hungry.
Eat which item? (? for menu, Esc to quit)
Mmm - a full handful of huckleberries!
Eat which item? (? for menu, Esc to quit)
That breadfruit was delicious!
Eat which item? (? for menu, Esc to quit)
Mmmm...
Yummy guava.
Eat which item? (? for menu, Esc to quit)
That beef jerky was delicious!
You hear an odd grinding sound!
Enter note: :D
Enter note: +infinity turns Read which item? (? for menu, Esc to quit)
As you read the scroll labeled VANNOEV AJIE, it crumbles to dust.
You feel momentarily disoriented.
It was a scroll of magic mapping.
Enter note: wasted another scroll You hear an odd grinding sound!
Enter note: WTF Are you sure you want to abandon this character and quit the game? (Confirm with "yes".)

# ### ### ### #.
.#.... . . #. . #.#.#
.#### # #.# # .# #
.....#. . ..# # #
###########.### .
..#.. ..... #.# ## #
##.#######.### # # .
. ...#.........# #
#.# #.#
###.#@#######.### # #
. .. #.#.#.....▓...
.# . # ### # #.#####
#.▓.▓▓##### # .# . ..
#.......#...▓.▓...# #
# #
##############▓.▓.#.#
. .#.# # ▓...# . #
##. # .##### . .# .
### ### #.


There were no monsters in sight!

Vanquished Creatures
  Pikel (D:7)
  2 black mambas
  3 spiny frogs
  4 gargoyles (Lab)
  3 komodo dragons
  4 blink frogs (Lair:4)
  10 yaks (Lair:4)
  A hippogriff (Lair:5)
  A steam dragon (D:8)
  4 porcupines
  3 wolves (Lair:2)
  15 ice beasts
  A necrophage (D:6)
  Purgy (Sewer)
  4 water moccasins
  4 slaves (D:7)
  A phantom (D:8)
  An ogre (D:5)
  2 centaurs
  2 crocodiles (Lair:3)
  Sigmund (D:3)
  Duvessa (D:5)
  6 giant frogs
  Blork the orc (D:7)
  A wyvern skeleton (D:7)
  A scorpion (D:6)
  Dowan (D:5)
  A centaur zombie (D:5)
  2 crimson imps
  2 jellies (D:5)
  A hound (D:4)
  2 orc priests (D:7)
  3 orc wizards
  An iguana (Lair:4)
  A giant frog skeleton (D:5)
  5 worker ants
  Ijyb (D:7)
  A worker ant zombie (D:7)
  2 adders
  A gnoll (D:4)
  6 river rats (Lair:4)
  A shadow imp (D:8)
  A giant mite (D:4)
  3 worms
  13 orcs
  A bat skeleton (D:4)
  A bat zombie (D:6)
  3 giant cockroaches
  12 hobgoblins
  6 jackals
  9 kobolds
  5 quokkas
  A ball python (D:6)
  3 bats
  5 giant geckos
  3 giant newts
  3 goblins
  7 rats
  A plant (Lair:2)
186 creatures vanquished.

Vanquished Creatures (others)
  A plant (Lair:4)
1 creature vanquished.

Grand Total: 187 creatures vanquished

Notes
Turn   | Place    | Note
--------------------------------------------------------------
     0 | D:1      | 4thArraOfDagon, the Minotaur Berserker, began the quest for the Orb.
     0 | D:1      | Reached XP level 1. HP: 19/19 MP: 1/1
   141 | D:2      | Reached skill level 4 in Axes
   142 | D:2      | Reached XP level 2. HP: 27/27 MP: 1/1
   222 | D:3      | Noticed Sigmund
   230 | D:3      | Killed Sigmund
   230 | D:3      | Reached skill level 5 in Axes
   230 | D:3      | Reached XP level 3. HP: 10/34 MP: 2/2
   230 | D:3      | Reached XP level 4. HP: 11/41 MP: 2/2
   276 | D:3      | Acquired Trog's second power
   294 | D:3      | Reached XP level 5. HP: 34/47 MP: 2/2
   387 | D:4      | Reached skill level 5 in Fighting
   390 | D:4      | Found a basalt altar of Yredelemnul.
   409 | D:4      | Noticed an ice beast
   427 | D:4      | Killed an ice beast
   450 | D:4      | Found a staircase to the Ecumenical Temple.
   479 | D:3      | Reached skill level 6 in Axes
   508 | D:2      | Found a shadowy altar of Dithmenos.
   582 | D:4      | Found a glowing drain.
   605 | Sewer    | Entered a sewer
   681 | Sewer    | Noticed Purgy
   686 | Sewer    | Killed Purgy
   686 | Sewer    | Reached XP level 6. HP: 56/56 MP: 3/3
   711 | Sewer    | no hide
   819 | D:5      | Entered Level 5 of the Dungeon
   819 | D:5      | Found a shadowy altar of Dithmenos.
   819 | D:5      | Noticed Duvessa
   823 | D:5      | Noticed Dowan
   827 | D:5      | Killed Duvessa
   827 | D:5      | Reached skill level 7 in Axes
   830 | D:5      | Killed Dowan
   864 | D:5      | Found a shattered altar of Ashenzari.
   882 | D:5      | Reached skill level 5 in Armour
   882 | D:5      | Reached XP level 7. HP: 61/61 MP: 3/3
   955 | D:5      | Reached skill level 8 in Axes
   966 | D:5      | Found an iron altar of Okawaru.
  1131 | D:6      | Found an opulent altar of Gozag.
  1157 | D:7      | Noticed Blork the orc
  1160 | D:7      | Reached skill level 9 in Axes
  1167 | D:7      | Killed Blork the orc
  1262 | D:8      | Reached XP level 8. HP: 44/68 MP: 3/3
  1285 | D:8      | Found a sparkling altar of Nemelex Xobeh.
  1290 | D:8      | Reached skill level 10 in Axes
  1339 | D:7      | Noticed Ijyb
  1363 | D:7      | Killed Ijyb
  1399 | D:7      | Found Gosolaw's Weapon Shop.
  1403 | D:7      | Noticed Pikel
  1417 | D:7      | Killed Pikel
  1417 | D:7      | Reached skill level 11 in Axes
  1417 | D:7      | Reached XP level 9. HP: 74/74 MP: 4/4
  1440 | D:7      | Found Vaz Apt's Book Shop.
  1544 | D:9      | Found a staircase to the Lair.
  1567 | Lair:1   | Entered Level 1 of the Lair of Beasts
  1588 | Lair:1   | Noticed a komodo dragon
  1612 | Lair:1   | Killed a komodo dragon
  1612 | Lair:1   | Reached skill level 12 in Axes
  1668 | Lair:2   | Noticed a spiny frog
  1676 | Lair:2   | Killed a spiny frog
  1678 | Lair:2   | Reached skill level 13 in Axes
  1750 | Lair:2   | iso lab
  1793 | Lair:2   | Noticed a komodo dragon
  1803 | Lair:2   | Killed a komodo dragon
  1924 | Lair:2   | Noticed a spiny frog
  1932 | Lair:2   | Killed a spiny frog
  1932 | Lair:2   | Reached XP level 10. HP: 81/81 MP: 4/4
  1948 | Lair:1   | Noticed a spiny frog
  1963 | Lair:2   | Reached skill level 10 in Armour
  1965 | Lair:2   | ROTFL
  2092 | Lair:2   | Reached skill level 14 in Axes
  2099 | Lair:2   | Noticed a black mamba
  2110 | Lair:2   | Killed a black mamba
  2255 | Lair:4   | Identified a scroll of acquirement
  2256 | Lair:4   | :ROTFL
  2317 | Lair:4   | Reached skill level 15 in Axes
  2337 | Lair:4   | Acquired Trog's third power
  2404 | Lair:4   | Noticed a black mamba
  2412 | Lair:4   | Killed a black mamba
  2509 | Lair:4   | Found a frozen archway.
  2516 | Lair:4   | Reached XP level 11. HP: 88/88 MP: 4/4
  2564 | IceCv    | Entered an ice cave
  2576 | IceCv    | Reached skill level 16 in Axes
  2604 | IceCv    | bad layout
  2629 | IceCv    | hmm
  2636 | IceCv    | actually
  2639 | IceCv    | Noticed an ice statue
  2639 | IceCv    | Noticed an ice statue
  2639 | IceCv    | Noticed an ice statue
  2681 | Lair:3   | Noticed an oklob plant
  2710 | Lair:4   | Reached skill level 1 in Evocations
  2806 | Lair:5   | Found a labyrinth entrance.
  2820 | Lab      | Entered a labyrinth
  3069 | Lab      | :D
  3069 | Lab      | +infinity turns
  3074 | Lab      | wasted another scroll
  3340 | Lab      | WTF
  3380 | Lab      | Quit the game

Action                   |  1- 3 |  4- 6 |  7- 9 | 10-12 || total
-------------------------+-------+-------+-------+-------++-------
Melee: Hand axe          |    33 |    76 |       |       ||   109
       Battleaxe         |       |    16 |   140 |   160 ||   316
Invok: Berserk           |     1 |     5 |     8 |     9 ||    23
       Trog's Hand       |       |     3 |     4 |     6 ||    13
Evoke: Wand              |       |       |       |    12 ||    12
  Use: Scroll            |       |       |     9 |    14 ||    23
       Potion            |       |       |       |     1 ||     1
  Eat: Chunk             |       |     4 |    12 |    11 ||    27
       Royal jelly       |       |     1 |       |     1 ||     2
       Beef jerky        |       |       |       |     2 ||     2
       Fruit             |       |       |       |     3 ||     3
